 Dungeon Crawl Stone Soup version 0.23.2-1-ga50397a (webtiles) character file.

Game seed: 1288210759387402802

36495 Borgoz the Protected (level 14, -4/97 HPs)
             Began as a Halfling Gladiator on May 15, 2019.
             Was a High Priest of Dithmenos.
             Slain by an eight-headed hydra (7 damage)
             ... on level 4 of the Lair of Beasts.
             The game lasted 00:46:47 (17051 turns).

Borgoz the Protected (Halfling Gladiator)          Turns: 17051, Time: 00:46:48

Health: -4/97      AC: 17    Str: 18    XL:     14   Next: 24%
Magic:  0/17       EV: 23    Int:  9    God:    Dithmenos [*****.]
Gold:   2084       SH:  0    Dex: 18    Spells: 10/13 levels left

rFire    . . .     SeeInvis .   a - +10 quarterstaff of Immorality {crush, rElec Stlth+}
rCold    . . .     Gourm    .   (shield currently unavailable)
rNeg     . . .     Faith    .   B - +1 troll leather armour
rPois    .         Spirit   +   g - +1 helmet {Int+3}
rElec    +         Reflect  .   d - scarf {cloud immunity}
rCorr    .         Harm     .   v - +0 pair of gloves
MR       +....                  C - +0 pair of boots
Stlth    ++++++....             t - amulet of guardian spirit
HPRegen  0.66/turn              (no ring)
MPRegen  0.15/turn              G - +5 ring of protection

@: wreathed by umbra
A: small, mutation resistance 1
a: Shadow Step, Shadow Form, Renounce Religion


You were on level 4 of the Lair of Beasts.
You worshipped Dithmenos.
Dithmenos was extremely pleased with you.
You were not hungry.

You visited 3 branches of the dungeon, and saw 17 of its levels.
You also visited: Bailey.

You collected 2084 gold pieces.

Inventory:

Hand Weapons
 a - the +10 quarterstaff of Immorality (weapon) {crush, rElec Stlth+}
   (You took it off a kobold on level 12 of the Dungeon)

   It inflicts extra damage upon your enemies.
   It insulates you from electricity.
   It makes you more stealthy.
 c - the +8 mace "Bowyrit" {crush, rElec rF+ Int+2 Dex+4}
   (You found it on level 12 of the Dungeon)

   It inflicts extra damage upon your enemies.
   It affects your intelligence (+2).
   It affects your dexterity (+4).
   It protects you from fire.
   It insulates you from electricity.
 M - a +5 scimitar of freezing
Missiles
 E - a throwing net (quivered)
Armour
 d - a scarf of cloud immunity (worn)
 g - a +1 helmet of intelligence (worn)
 i - a +0 plate armour of poison resistance
 v - a +0 pair of gloves (worn)
 A - a +1 scale mail of cold resistance
 B - a +1 troll leather armour (worn)
 C - a +0 pair of boots (worn)
 O - a +1 chain mail of poison resistance
Jewellery
 l - an uncursed ring of protection from fire
 m - an uncursed ring of see invisible
 o - an uncursed ring of flight
 t - an amulet of guardian spirit (around neck)
 G - a +5 ring of protection (right hand)
 K - an uncursed ring of protection from magic
Wands
 h - a wand of scattershot (1)
 u - a wand of iceblast (22)
 D - a wand of flame (21)
 H - a wand of disintegration (3)
 I - a wand of polymorph (10)
 L - a wand of acid (3)
Scrolls
 b - 2 scrolls of silence
 e - 4 scrolls of fog
 j - a scroll of holy word
 k - 11 scrolls of teleportation
 s - a scroll of identify
 w - 6 scrolls of enchant weapon
 y - 6 scrolls of remove curse
 z - a scroll of fear
 J - 2 scrolls of amnesia
 N - a scroll of blinking
Potions
 n - 3 potions of cancellation
 q - 3 potions of magic
 r - 4 potions of mutation
 x - 2 potions of might
 F - 2 potions of haste
 P - a potion of agility
 Q - a potion of brilliance
Comestibles
 f - 34 rations
 p - 7 chunks of flesh


   Skills:
 * Level 9.0 Fighting
 - Level 9.8 Long Blades
 * Level 10.1 Staves
 - Level 2.0 Throwing
 * Level 10.3 Armour
 - Level 10.2 Dodging
 + Level 5.7 Stealth
 + Level 5.3 Invocations
 + Level 5.2 Evocations


You had 10 spell levels left.
You knew the following spells:

 Your Spells              Type           Power        Failure   Level  Hunger
a - Mephitic Cloud        Conj/Pois/Air  #.......     80%         3    ####...

Your spell library contained the following spells:

 Spells                   Type           Power        Failure   Level  Hunger
 Beastly Appendage        Tmut           #.....       43%         1    ##.....
 Corona                   Hex            #......      43%         1    ##.....
 Freeze                   Ice            #...         43%         1    ##.....
 Sting                    Conj/Pois      #...         43%         1    ##.....
 Ensorcelled Hibernation  Hex/Ice        #.....       56%         2    ###....
 Passwall                 Tmut/Erth      #.......     56%         2    ###....
 Poisonous Vapours        Pois/Air       #.....       56%         2    ###....
 Sticks to Snakes         Tmut           #.......     56%         2    ###....
 Swiftness                Chrm/Air       #.......     56%         2    ###....
 Throw Frost              Conj/Ice       #.....       56%         2    ###....
 Confuse                  Hex            #.......     80%         3    ####...
 Dazzling Spray           Conj/Hex       #.....       80%         3    ####...
 Ozocubu's Armour         Chrm/Ice       #.......     80%         3    ####...
 Spider Form              Tmut/Pois      #.........   80%         3    ####...
 Tukima's Dance           Hex            #.......     80%         3    ####...
 Ice Form                 Ice/Tmut       #.......     99%         4    #####..
 Olgreb's Toxic Radiance  Pois           #.......     99%         4    #####..
 Passage of Golubria      Tloc           N/A          99%         4    #####..
 Summon Ice Beast         Ice/Summ       #.......     99%         4    #####..
 Throw Icicle             Conj/Ice       #.......     99%         4    #####..
 Blade Hands              Tmut           #.........   100%        5    ######.
 Bolt of Magma            Conj/Fire/Erth #.........   100%        5    ######.
 Irradiate                Conj/Tmut      #.........   100%        5    ######.
 Iskenderun's Battlesphe  Conj/Chrm      #.......     100%        5    ######.
 Lee's Rapid Deconstruct  Erth           #.........   100%        5    ######.
 Venom Bolt               Conj/Pois      #.........   100%        5    ######.
 Darkness                 Hex            #.........   100%        6    #######
 Hydra Form               Tmut           #.........   100%        6    #######
 Invisibility             Hex            #.......     100%        6    #######
 Iron Shot                Conj/Erth      #.........   100%        6    #######
 Statue Form              Tmut/Erth      #........    100%        6    #######
 Dragon Form              Tmut           #.........   100%        7    #######
 Orb of Destruction       Conj           #.........   100%        7    #######
 Spellforged Servitor     Conj/Summ      #.........   100%        7    #######


Dungeon Overview and Level Annotations

Branches:
Dungeon (12/15)            Temple (1/1) D:4            Lair (4/6) D:10
 Shoals (0/4) Lair:3        Snake (0/4) Lair:2          Orc (0/2) D:11

Altars:
Ashenzari
Cheibriados
Dithmenos
Elyvilon
Fedhas
Gozag
Hepliaklqana
Kikubaaqudgha
Makhleb
Nemelex Xobeh
Okawaru
Qazlal
Ru
Sif Muna
Trog
Uskayaw
Vehumet
Wu Jian
Xom
Yredelemnul
Zin
The Shining One
Beogh


Innate Abilities, Weirdness & Mutations

You are small and have problems with some larger weapons.
You are somewhat resistant to further mutation.


Message History

Okay, then.
You sock the water moccasin!
The water moccasin is moderately wounded.
Your shadow hits the water moccasin with a quarterstaff.
The water moccasin completely misses you.
The dream sheep shake their wool and sparkle.
You feel drowsy...
You fall asleep.
The water moccasin misses you. The water moccasin barely misses you.
The eight-headed hydra closely misses you.
The eight-headed hydra bites you!!
You wake up.
* * * LOW HITPOINT WARNING * * *
The eight-headed hydra barely misses you.
The eight-headed hydra bites you but does no damage.
The eight-headed hydra bites you.
* * * LOW HITPOINT WARNING * * *
The eight-headed hydra misses you.
The eight-headed hydra bites you but does no damage.
The eight-headed hydra bites you!
You die...

... #........... ....
##..........
....##..††P......
................
###......#.....
#..Y.##...... #
#.YY#.#...... # ###
####DY.## ....#
#########.####..@#.##
....#
....#.P...#..#.....#
...#
.[..#.............##
...#
......................
......................
...........#...........
†......................
.....................##
................######


You could see an eight-headed hydra and 4 dream sheep.

Vanquished Creatures
  4 hydras
  A catoblepas (Lair:4)
  A two-headed ogre (D:9)
  3 death yaks (D:10)
  Sonja (Lair:1)
  5 skeletal warriors (D:12)
  4 lindwurms (Lair:2)
  3 ugly things
  3 orc knights (Bailey)
  A cyclops (D:12)
  A manticore (D:11)
  2 guardian serpents (D:10)
  The ghost of Borgoz the Chopper, a novice MiGl of Ashenzari (D:5)
  A black mamba (Lair:2)
  7 spiny frogs
  A komodo dragon (Lair:1)
  3 trolls
  2 dream sheep (Lair:4)
  11 blink frogs
  2 hippogriffs
  A snapping turtle (Lair:3)
  A wraith (D:12)
  A wyvern (D:8)
  16 yaks
  Grum (Lair:1)
  3 vampire mosquitoes (D:12)
  4 nagas (Lair:2)
  A soldier ant (D:12)
  6 water moccasins
  19 orc warriors
  12 porcupines
  An eye of draining (D:10)
  2 ice beasts
  2 phantoms
  3 black bears
  2 sky beasts (D:11)
  9 wolves (Lair:1)
  11 centaurs
  10 ogres
  6 crocodiles
  A big kobold (D:12)
  12 bullfrogs
  A wyvern skeleton (D:10)
  2 scorpions
  22 killer bees
  14 wights
  2 howler monkeys (D:10)
  An electric eel (Lair:3)
  5 crimson imps
  2 bullfrog zombies
  A centaur zombie (D:11)
  3 quasits
  A jelly (D:6)
  A bullfrog skeleton (D:8)
  5 orc priests
  2 centaur skeletons (D:12)
  3 hounds
  3 orc wizards
  Jessica (D:2)
  6 iguanas
  6 worker ants
  6 hell rats
  A hound zombie (D:5)
  A worker ant zombie (D:6)
  5 gnolls
  7 adders
  2 river rats (D:10)
  3 shadow imps
  An adder zombie (D:9)
  4 worms
  2 dart slugs
  7 leopard geckos
  54 orcs
  2 ball pythons
  10 giant cockroaches
  5 goblins
  7 hobgoblins
  13 jackals
  12 kobolds
  7 quokkas
  6 bats
  4 frilled lizards
  2 leopard gecko skeletons
  13 rats
436 creatures vanquished.

Vanquished Creatures (others)
  An orc warrior (Bailey)
  A fungus (Lair:2)
  A plant (D:9)
  2 withered plants (D:5)
5 creatures vanquished.

Grand Total: 441 creatures vanquished

Notes
Turn   | Place    | Note
-------+----------+-------------------------------------------
     0 | D:1      | Borgoz the Halfling Gladiator began the quest for the Orb.
     0 | D:1      | Reached XP level 1. HP: 14/14 MP: 1/1
   137 | D:1      | Reached XP level 2. HP: 6/19 MP: 2/2
   449 | D:2      | Reached skill level 1 in Stealth
   454 | D:2      | Reached skill level 1 in Armour
   454 | D:2      | Reached XP level 3. HP: 5/24 MP: 3/3
   719 | D:2      | Noticed Jessica
   729 | D:2      | Killed Jessica
   729 | D:2      | Reached XP level 4. HP: 26/29 MP: 4/4
  1375 | D:1      | Reached XP level 5. HP: 30/35 MP: 5/5
  2786 | D:4      | Noticed an ogre
  2801 | D:4      | Reached XP level 6. HP: 28/41 MP: 6/6
  2813 | D:4      | Killed an ogre
  3431 | D:4      | Found a staircase to the Ecumenical Temple.
  3468 | Temple   | Entered the Ecumenical Temple
  3817 | Temple   | Became a worshipper of Dithmenos the Shadowed
  3861 | D:4      | Noticed an ogre
  3870 | D:4      | Killed an ogre
  3870 | D:4      | Reached XP level 7. HP: 15/46 MP: 7/7
  4359 | D:5      | Entered Level 5 of the Dungeon
  4522 | D:5      | Found a blossoming altar of Fedhas.
  4664 | D:5      | Learned a level 3 spell: Mephitic Cloud
  4790 | D:5      | Found a runed translucent door.
  4791 | D:5      | Noticed Borgoz's ghost (novice MiGl)
  5161 | D:6      | Reached skill level 5 in Dodging
  5226 | D:6      | Reached XP level 8. HP: 26/54 MP: 8/8
  5660 | D:6      | Reached * piety under Dithmenos
  5971 | D:6      | Reached skill level 5 in Long Blades
  6295 | D:6      | Reached skill level 5 in Stealth
  6427 | D:7      | Noticed a hippogriff
  6461 | D:7      | Killed a hippogriff
  6461 | D:7      | Reached XP level 9. HP: 10/59 MP: 9/9
  6469 | D:7      | Reached skill level 5 in Armour
  6736 | D:7      | Reached skill level 5 in Fighting
  7076 | D:7      | Got a scorched hunting sling
  7082 | D:7      | Identified the +5 hunting sling of the Orcish Mines {flame,
                  | +Inv} (You found it on level 7 of the Dungeon)
  7575 | D:8      | Reached ** piety under Dithmenos
  8072 | D:8      | Reached skill level 1 in Invocations
  8340 | D:9      | Reached skill level 1 in Evocations
  8413 | D:9      | Reached XP level 10. HP: 38/68 MP: 11/11
  8521 | D:9      | Noticed a two-headed ogre
  8535 | D:9      | Killed a two-headed ogre
  8570 | D:9      | Found a flagged portal.
  8581 | D:9      | Got a bloodstained halberd
  8584 | Bailey   | Entered a bailey
  8584 | Bailey   | Noticed an orc knight
  8620 | Bailey   | Killed an orc knight
  8630 | Bailey   | Noticed an orc knight
  8639 | Bailey   | Killed an orc knight
  9027 | Bailey   | Reached XP level 11. HP: 74/74 MP: 14/14
  9041 | Bailey   | Noticed an orc knight
  9062 | Bailey   | Killed an orc knight
  9341 | D:9      | Noticed a five-headed hydra
  9349 | D:9      | Killed a seven-headed hydra
  9349 | D:9      | Reached skill level 5 in Invocations
  9633 | D:9      | Reached *** piety under Dithmenos
  9804 | D:10     | Entered Level 10 of the Dungeon
  9860 | D:10     | Noticed a death yak
  9862 | D:10     | Found a staircase to the Lair.
  9863 | D:10     | Noticed a death yak
  9865 | D:10     | Noticed a death yak
 10065 | D:10     | Reached **** piety under Dithmenos
 10065 | D:10     | Reached skill level 5 in Evocations
 10228 | D:10     | Killed a death yak
 10233 | D:10     | Killed a death yak
 10239 | D:10     | Killed a death yak
 10247 | D:10     | Reached XP level 12. HP: 17/82 MP: 0/15
 10660 | D:11     | Found a roughly hewn altar of Beogh.
 10905 | D:10     | Reached ***** piety under Dithmenos
 11621 | D:5      | Killed Borgoz's ghost
 11863 | D:11     | Reached skill level 10 in Dodging
 11887 | D:11     | Found a staircase to the Orcish Mines.
 12853 | D:12     | Reached skill level 10 in Armour
 12943 | D:12     | Identified the +10 quarterstaff of Immorality {crush, rElec
                  | Stlth+}
 13158 | D:12     | Reached skill level 1 in Staves
 13175 | D:12     | Noticed a skeletal warrior
 13175 | D:12     | Noticed a skeletal warrior
 13179 | D:12     | Noticed a skeletal warrior
 13181 | D:12     | Noticed a skeletal warrior
 13184 | D:12     | Killed a skeletal warrior
 13189 | D:12     | Killed a skeletal warrior
 13192 | D:12     | Noticed a skeletal warrior
 13194 | D:12     | Killed a skeletal warrior
 13194 | D:12     | Reached XP level 13. HP: 51/90 MP: 16/16
 13389 | D:12     | Reached skill level 5 in Staves
 13849 | D:12     | Got a crude mace
 13850 | D:12     | Identified the +8 mace "Bowyrit" {crush, rElec rF+ Int+2
                  | Dex+4} (You found it on level 12 of the Dungeon)
 14086 | Lair:1   | Entered Level 1 of the Lair of Beasts
 14348 | Lair:1   | Noticed a four-headed hydra
 14358 | Lair:1   | Killed a four-headed hydra
 14426 | Lair:1   | Noticed Sonja
 14437 | Lair:1   | Killed Sonja
 14449 | Lair:1   | Noticed Grum
 14461 | Lair:1   | Killed Grum
 14995 | Lair:2   | Noticed a four-headed hydra
 15008 | Lair:2   | Killed a four-headed hydra
 15194 | Lair:2   | Found a staircase to the Snake Pit.
 15603 | Lair:2   | HP: 4/90 [lindwurm/blast of flame (7)]
 16013 | Lair:3   | Reached XP level 14. HP: 95/95 MP: 3/17
 16197 | Lair:3   | Found a staircase to the Shoals.
 16210 | Lair:3   | Reached skill level 10 in Staves
 17051 | Lair:4   | HP: 4/97 [eight-headed hydra (25)]
 17051 | Lair:4   | Slain by an eight-headed hydra

Skill      XL: |  1  2  3  4  5  6  7  8  9 10 11 12 13 14 |
---------------+-------------------------------------------+-----
Fighting       | 2 3 4 5 6 7 8 9 |  9.0
Stealth        | 1 2 3 4 5 |  5.7
Armour         | 1 2 3 4 6 7 8 10 | 10.3
Dodging        | 4 5 6 7 8 9 10 | 10.2
Long Blades    | 4 5 6 7 8 9 |  9.8
Invocations    | 2 4 5 |  5.3
Evocations     | 1 3 5 |  5.2
Staves         | 3 9 10 | 10.1
Throwing       | |  2.0

Action                   |  1- 3 |  4- 6 |  7- 9 | 10-12 | 13-15 || total
-------------------------+-------+-------+-------+-------+-------++-------
Melee: Long sword        |    50 |   225 |   265 |       |       ||   540
       Falchion          |       |       |   176 |   238 |       ||   414
       Scimitar          |       |       |       |   259 |       ||   259
       Quarterstaff      |       |       |       |    49 |   354 ||   403
       Mace              |       |       |       |       |    15 ||    15
 Fire: Arbalest          |       |       |       |    28 |       ||    28
Throw: Throwing net      |     1 |     3 |       |     1 |       ||     5
Evoke: Wand              |       |       |     3 |    39 |     7 ||    49
  Use: Scroll            |     1 |     9 |    10 |     5 |     7 ||    32
       Potion            |       |       |     7 |    12 |     4 ||    23
 Stab: Held in net/web   |       |     1 |       |       |       ||     1
       Paralysed         |       |       |     6 |    25 |       ||    31
       Sleeping          |       |       |     2 |     5 |    19 ||    26
  Eat: Chunk             |       |     8 |    14 |    16 |    13 ||    51
       Ration            |       |       |     1 |       |       ||     1
Armor: Ring mail         |    17 |       |       |       |       ||    17
       Chain mail        |     2 |   123 |    45 |    26 |       ||   196
       Plate armour      |       |       |   147 |   105 |       ||   252
       Scale mail        |       |       |    95 |    14 |       ||   109
       Skin              |       |       |       |    86 |       ||    86
       Troll leather arm |       |       |       |    72 |   101 ||   173
Dodge: Dodged            |    43 |   129 |   492 |   789 |   545 ||  1998
       Rpst.: Long sword |    12 |    40 |    74 |       |       ||   126
       Falchion          |       |       |    46 |    62 |       ||   108
       Scimitar          |       |       |       |    93 |       ||    93
